 Dungeon Crawl Stone Soup version 0.31-a0-174-g85c54bcb58 (webtiles) character file.

Game seed: 13597194060125601868

58 qw the Shooter (level 4, -21/39 HPs)
             Began as a Naga Hunter on June 15, 2023.
             Demolished by an ogre
             ... wielding a +0 giant club
              (28 damage)
             ... on level 3 of the Dungeon.
             The game lasted 00:00:31 (1401 turns).

qw the Shooter (Naga Hunter)                        Turns: 1401, Time: 00:00:32

Health: -21/39     AC:  3    Str: 13    XL:     4   Next: 2%
Magic:  4/4        EV:  9    Int:  9    God:
Gold:   154        SH:  5    Dex: 17    Spells: 3/3 levels left

rFire   + . .        Y - +0 shortbow
rCold   . . .        (shield currently unavailable)
rNeg    . . .        c - +0 leather armour
rPois   +            (no helmet)
rElec   .            j - +0 cloak
rCorr   .            (no gloves)
SInv    +            (no barding)
Will    .....        b - amulet of reflection
Stlth   ++           g - ring of protection from fire
HPRegen 0.26/turn    (no ring)
MPRegen 0.09/turn

%: reflection
@: short of breath, very slow
A: AC +1, large, see invisible, deformed body, poison resistance, slowness 2,
spit poison 1, naga tail 1
a: Spit Poison


You were on level 3 of the Dungeon.
You visited 1 branch of the dungeon, and saw 3 of its levels.

You collected 154 gold pieces.


Innate Abilities, Weirdness & Mutations

Your serpentine skin is tough. (AC +1)
You have supernaturally acute eyesight. (SInv)
Armour fits poorly on your strangely shaped body.
Your system is resistant to poisons. (rPois)
You cover ground very slowly.
You can spit poison.
You have a snake-like lower body.


   Skills:
 + Level 2.0 Fighting
 - Level 5.0 Ranged Weapons
 - Level 1.5 Dodging
 - Level 1.5 Stealth


You had 3 spell levels left.
You didn't know any spells.
Your spell library was empty.

Inventory:

Hand Weapons
 Y - a +0 shortbow (weapon)
Armour
 c - a +0 leather armour (worn)
 j - a +0 cloak (worn)
Jewellery
 b - an amulet of reflection (around neck)
 g - a ring of protection from fire (left hand)
Potions
 e - a potion of invisibility {unknown}
 f - a potion of lignification {unknown}
 h - a potion of magic {unknown}

Dungeon Overview and Level Annotations

Branches:
Dungeon (3/15)

Altars:

Annotations:
D:3 Sigmund


Message History

Found a stone staircase leading down.
There is a stone staircase leading up here.
Waypoint 2 assigned to D:3.
You now have 154 gold pieces (gained 8).
Sigmund and an ogre come into view.
Enter note:
1394 ||| INVOKING Spit Poison.
Aiming: Spit Poison (1% risk of failure)
Press: ? - help, Shift-Dir - straight line, f - ogre The splash of poison hits the ogre.
The ogre is poisoned.
The ogre is lightly wounded.
The ogre shouts!
Sigmund casts a spell at you. The puff of flame misses you.
You shoot an arrow. The arrow barely misses the ogre.
You shoot an arrow. The arrow hits the ogre!
The ogre is moderately wounded.
You shoot an arrow. The arrow hits the ogre.
The ogre is heavily wounded.
You block the ogre's attack.
You shoot an arrow. The arrow hits the ogre.
The ogre is heavily wounded.
You shoot an arrow. The arrow barely misses the ogre.
You have got your breath back.
The ogre looks more healthy.
The ogre hits you with a +0 giant club!!
Ouch! That really hurt!
Sigmund points at you and mumbles some strange words.
You resist with some effort.
1400 ||| INVOKING Spit Poison.
Aiming: Spit Poison (1% risk of failure)
Press: ? - help, Shift-Dir - straight line, f/p - ogre The splash of poison hits the ogre!
The ogre is poisoned.
The ogre is almost dead.
Sigmund hits you from afar with a +0 scythe!
You block the ogre's attack.
You shoot an arrow. The arrow closely misses the ogre.
The ogre hits you with a +0 giant club!!
Ouch! That really hurt!
You die...

#...# ###.# #.
#.#########
#..#####..........
#........#.##.####
...###..###.##.#
#..# #..#.#
#..###.#..#
#@.##.###.#
......O..###.#.##
#######@## #..##
#.# #..# #.# #..#
#.# #..####### #.#
#........# #.#
##.#####.# #.# #<#


You could see an ogre (poisoned) and Sigmund.

Vanquished Creatures
  An adder (D:2)
  A dart slug (D:1)
  5 ball pythons
  8 bats
  4 endoplasms
  2 giant cockroaches
  7 goblins
  4 hobgoblins (D:2)
  2 quokkas (D:2)
  2 frilled lizards
  4 kobolds
40 creatures vanquished.

Notes
Turn   | Place    | Note
-------+----------+-------------------------------------------
     0 | D:1      | qw the Naga Hunter began the quest for the Orb.
     0 | D:1      | Reached XP level 1. HP: 19/19 MP: 1/1
     0 | D:1      | 0 ||| qw: Version: 0.2-a-29-g511e9b1
     0 | D:1      | 0 ||| qw: Game counter: 5285
     0 | D:1      | 0 ||| qw: Always use a shield: true
     0 | D:1      | 0 ||| qw: God list: Okawaru
     0 | D:1      | 0 ||| qw: Allow faded altars: false
     0 | D:1      | 0 ||| qw: Do Orc after D:15 true
     0 | D:1      | 0 ||| qw: Do second Lair branch before Depths: true
     0 | D:1      | 0 ||| qw: Lair rune preference: random
     0 | D:1      | 0 ||| qw: Plans: Normal
     0 | D:1      | 0 ||| PLANNING D:1-11
    33 | D:1      | 33 ||| INVOKING Spit Poison.
    36 | D:1      | 36 ||| INVOKING Spit Poison.
    52 | D:1      | 52 ||| FLEEEEING.
    53 | D:1      | 53 ||| INVOKING Spit Poison.
    54 | D:1      | Reached skill level 4 in Ranged Weapons
    54 | D:1      | Reached XP level 2. HP: 25/26 MP: 2/2
    84 | D:1      | 84 ||| INVOKING Spit Poison.
   170 | D:1      | 170 ||| INVOKING Spit Poison.
   201 | D:1      | 201 ||| INVOKING Spit Poison.
   395 | D:1      | 395 ||| INVOKING Spit Poison.
   484 | D:1      | 484 ||| INVOKING Spit Poison.
   587 | D:1      | 587 ||| INVOKING Spit Poison.
   778 | D:1      | 778 ||| UPGRADING to ring of protection from fire.
   779 | D:1      | 779 ||| READING scroll labelled GABYTU WAENLAU.
   780 | D:1      | 780 ||| DROPPING scroll of butterflies.
   822 | D:2      | 822 ||| INVOKING Spit Poison.
   826 | D:2      | 826 ||| INVOKING Spit Poison.
   831 | D:2      | 831 ||| INVOKING Spit Poison.
   836 | D:2      | 836 ||| INVOKING Spit Poison.
   842 | D:2      | 842 ||| INVOKING Spit Poison.
   897 | D:2      | 897 ||| INVOKING Spit Poison.
   901 | D:2      | Reached XP level 3. HP: 32/32 MP: 3/3
   901 | D:2      | 901 ||| Stepping ~*~*~tactically~*~*~ (outnumbered).
   902 | D:2      | 902 ||| INVOKING Spit Poison.
   906 | D:2      | 906 ||| INVOKING Spit Poison.
   939 | D:2      | 939 ||| INVOKING Spit Poison.
   957 | D:2      | 957 ||| INVOKING Spit Poison.
   968 | D:2      | 968 ||| INVOKING Spit Poison.
   975 | D:2      | 975 ||| INVOKING Spit Poison.
  1003 | D:2      | 1003 ||| INVOKING Spit Poison.
  1051 | D:2      | 1051 ||| INVOKING Spit Poison.
  1203 | D:2      | 1203 ||| INVOKING Spit Poison.
  1207 | D:2      | Reached skill level 5 in Ranged Weapons
  1207 | D:2      | Reached XP level 4. HP: 39/39 MP: 4/4
  1231 | D:2      | 1231 ||| INVOKING Spit Poison.
  1281 | D:2      | Found a faded altar of an unknown god.
  1318 | D:2      | 1318 ||| UPGRADING to +0 cloak.
  1323 | D:2      | 1323 ||| UPGRADING to amulet of reflection.
  1328 | D:2      | 1328 ||| READING scroll labelled ITWOEPH ARODO.
  1331 | D:2      | 1331 ||| READING scroll labelled BAOC KOQEO.
  1332 | D:2      | 1332 ||| READING scroll labelled KIERUQ YTYSOA.
  1393 | D:3      | Noticed Sigmund
  1393 | D:3      | Noticed an ogre
  1394 | D:3      | 1394 ||| INVOKING Spit Poison.
  1400 | D:3      | 1400 ||| INVOKING Spit Poison.
  1400 | D:3      | HP: 6/39 [Sigmund/+0 scythe (11)]
  1401 | D:3      | Demolished by an ogre

Levels and vault maps discovered:
D:1:      scummos_arrival_gate, layout_basic, minmay_pentomino_o2
D:2:      layout_basic, shapermc_ecumenical_altar_rom_forum
D:3:      layout_loops_ring, gammafunk_temple_of_torment, serial_bayou_pond_e,
          uniq_ijyb, uniq_terence, uniq_sigmund

Skill      XL: |  1  2  3 |
---------------+----------+-----
Ranged Weapons | 4 5 |  5.0
Fighting       | |  2.0
Dodging        | |  1.5
Stealth        | |  1.5

Action                     |  1- 3 |  4- 6 || total
---------------------------+-------+-------++-------
   Fire: Shortbow          |    76 |    10 ||    86
Ability: Spit Poison       |    24 |     3 ||    27
    Use: Scroll            |     1 |     3 ||     4
 Armour: Leather armour    |    16 |       ||    16
  Dodge: Dodged            |    21 |     1 ||    22
  Block: Other             |       |     2 ||     2

Table legend:
 A = Non-vault XP
 B = Vault XP
 C = Vault XP percentage of total XP
 D = Non-vault monster count
 E = Vault monster count
 F = Vault count percentage of total count
                 A         B        C        D         E       F
            +---------+---------+-------+---------+---------+-------
      Total |      82 |       2 |   2.4 |      39 |       1 |   2.5
            +---------+---------+-------+---------+---------+-------
        D:1 |      25 |       2 |   7.4 |      14 |       1 |   6.7
        D:2 |      57 |       0 |   0.0 |      25 |       0 |   0.0
            +---------+---------+-------+---------+---------+-------
